[Event "Team 45 45 League T50"]
[Site "Internet Chess Club"]
[Date "2011.08.11"]
[Round "1"]
[White "eurander"]
[Black "Magagna"]
[Result "1-0"]
[WhiteElo "2133"]
[BlackElo "1888"]
[Opening "French: Rubinstein variation"]
[ECO "C03"]
[Time "19:16:23"]
[TimeControl "2700+45"]

1. e4 e6 2. d4 d5 3. Nd2 dxe4 4. Nxe4 Nd7 5. Nf3 Ngf6 6. Bd3 Be7 7. Qe2 a6 8. a4
Rb8 9. O-O O-O 10. Bg5 Re8 11. c3 Nxe4 12. Bxe7 Nxc3 13. Bxh7+ Kh8 14. bxc3 Qxe7
15. Bd3 c5 16. Rfe1 cxd4 17. cxd4 Qf6 18. Ne5 Nxe5 19. dxe5 Qg5 20. Ra3 Bd7 21.
Bc2 Kg8 22. Rg3 Qf4 23. Qd3 Bxa4 24. Qh7+ Kf8 25. Qxg7+ Ke7 26. Bxa4 Rg8 27.
Qf6+ Qxf6 28. exf6+ Kxf6 29. Rf3+ Ke7 30. Rc1 Rgc8 31. Rfc3 Rxc3 32. Rxc3 b5 33.
Bd1 a5 34. Rc7+ Kf6 35. Ra7 a4 36. Ra5 Rd8 37. Be2 Rc8 38. g3 Rc1+ 39. Kg2 b4
40. Rxa4 b3 41. Rb4 Rc2 42. Bd1 {Black resigns} 1-0

[Event "Team 45 45 League T50"]
[Site "Internet Chess Club"]
[Date "2011.08.16"]
[Round "1"]
[White "Killian"]
[Black "kidviper"]
[Result "1/2-1/2"]
[WhiteElo "1936"]
[BlackElo "1911"]
[Opening "French: Tarrasch, open, 4.ed ed"]
[ECO "C08"]
[Time "14:12:38"]
[TimeControl "2700+45"]

1. e4 e6 2. d4 d5 3. Nd2 c5 4. exd5 exd5 5. c3 Nc6 6. Ndf3 Nf6 7. Bb5 Qc7 8. Ne2
Be7 9. Bf4 Bd6 10. Bxd6 Qxd6 11. Ne5 O-O 12. Bxc6 bxc6 13. O-O Ba6 14. Re1 Rfe8
15. Ng3 cxd4 16. cxd4 Bc8 17. Rc1 Bd7 18. Rc5 Rab8 19. Re2 Rb5 20. Rc1 Reb8 21.
b3 R5b6 22. Qc2 Ng4 23. Nf5 Bxf5 24. Qxf5 Qh6 25. Qxf7+ Kh8 26. Qe8+ Rxe8 27.
Nf7+ Kg8 28. Nxh6+ Nxh6 29. Rxe8+ Kf7 30. Rd8 Nf5 31. Rd1 Ra6 32. a4 Rb6 33. Rd3
Rb7 34. Rc8 Re7 35. Kf1 Re6 36. Rc7+ Re7 37. Rxe7+ Kxe7 38. Ke2 h6 39. Kd2 Nh4
40. g3 Nf5 41. Kc3 Nd6 42. f3 Nf5 43. Kb4 Kd6 44. Ka5 c5 45. dxc5+ Kxc5 46. Rc3+
Kd4 47. Rc7 Ke3 48. Rxa7 d4 49. g4 Nh4 50. Rd7 Nxf3 51. b4 d3 52. b5 Nd4 53. b6
d2 54. Rxd4 Kxd4 55. b7 d1=Q 56. b8=Q Ke3 57. Qa7+ {Game drawn by mutual
agreement} 1/2-1/2

[Event "Team 45 45 League T50"]
[Site "Internet Chess Club"]
[Date "2011.08.15"]
[Round "1"]
[White "Timotheous"]
[Black "SimplyClaudia"]
[Result "0-1"]
[WhiteElo "1743"]
[BlackElo "1766"]
[Opening "English opening"]
[ECO "A05"]
[Time "16:01:22"]
[TimeControl "2700+45"]

1. Nf3 Nf6 2. c4 e6 3. g3 b6 4. Bg2 Bb7 5. O-O Be7 6. b3 O-O 7. Bb2 d5 8. d3 c5
9. cxd5 exd5 10. d4 Nc6 11. Nbd2 Rc8 12. Rc1 Qd7 13. Re1 Rfd8 14. Nf1 Ne4 15.
N1d2 Bf6 16. Ne5 Qe6 17. Nxc6 Bxc6 18. e3 Ng5 19. Qe2 Nh3+ 20. Kh1 Re8 21. Qf1
Bd7 22. Bxh3 Qxh3 23. Qxh3 Bxh3 24. Nb1 cxd4 25. exd4 Rxc1 26. Rxc1 Re2 27. Bc3
Rxf2 28. Re1 g6 29. a4 Bf5 30. Kg1 Rc2 31. Kf1 Rxh2 32. Kg1 Rc2 33. Kf1 h5
{White resigns} 0-1

[Event "Team 45 45 League T50"]
[Site "Internet Chess Club"]
[Date "2011.08.15"]
[Round "1"]
[White "TwoEqualsOne"]
[Black "kidcobra"]
[Result "1-0"]
[WhiteElo "1631"]
[BlackElo "1652"]
[Opening "QGD: semi-Slav"]
[ECO "D31"]
[Time "18:00:40"]
[TimeControl "2700+45"]

1. d4 d5 2. c4 e6 3. Nc3 c6 4. cxd5 exd5 5. Bf4 Nf6 6. e3 Bb4 7. Bd3 Bg4 8. Qb3
Qa5 9. a3 Ne4 10. Qxb4 Qxb4 11. axb4 Nxc3 12. bxc3 Nd7 13. Ne2 O-O 14. h3 Be6
15. Bh2 b6 16. Nf4 c5 17. Nxe6 fxe6 18. Bb5 Rfd8 19. Bc7 Rdc8 20. Bxd7 Rxc7 21.
Bxe6+ Kh8 22. Bxd5 Rd8 23. e4 cxd4 24. c4 Re7 25. Kd2 Rf8 26. f3 g6 27. Kd3 Kg7
28. Kxd4 Kf6 29. Rhe1 Rd8 30. c5 bxc5+ 31. bxc5 Rb8 32. Reb1 Rd8 33. c6 Rc7 34.
Ra6 Ke7 35. Rb7 Kd6 36. Rxc7 Kxc7 37. Rxa7+ Kb6 38. Rxh7 g5 39. c7 Rc8 40. Be6
Rxc7 41. Rxc7 Kxc7 42. Ke5 Kd8 43. Kf5 Ke7 44. Bd5 Kf8 45. Kxg5 Kg7 46. e5 Kh8
47. e6 Kg7 48. e7 Kh7 49. Kf6 Kh6 50. e8=Q Kh7 51. Qg6+ Kh8 52. Qg8# {Black
checkmated} 1-0

[Event "Team 45 45 League T50"]
[Site "Internet Chess Club"]
[Date "2011.08.11"]
[Round "1"]
[White "zap2"]
[Black "CheeryCherry"]
[Result "0-1"]
[WhiteElo "1759"]
[BlackElo "1588"]
[Opening "Réti: King's Indian attack (Barcza system)"]
[ECO "A07"]
[Time "15:06:06"]
[TimeControl "2700+45"]

1. Nf3 d5 2. g3 Nf6 3. Bg2 Bf5 4. O-O e6 5. d3 Be7 6. Nbd2 h6 7. Re1 Bh7 8. b3
O-O 9. Bb2 c6 10. e4 Nbd7 11. e5 Ne8 12. Nd4 a5 13. a4 c5 14. Nb5 Nc7 15. Nd6
Bxd6 16. exd6 Ne8 17. Qg4 Ndf6 18. Qf4 Qxd6 19. Be5 Qd7 20. Bf3 d4 21. h4 Nd5
22. Bxd5 Qxd5 23. Qg4 f6 24. Bf4 Bf5 25. Qf3 Qxf3 26. Nxf3 e5 27. Bc1 Nc7 28.
Ba3 b6 29. Nd2 Nd5 30. Nc4 Rab8 31. Kg2 Bd7 32. Nd6 Bc6 33. Kh2 g5 34. Rg1 g4
35. Rge1 h5 36. Nc4 Rbe8 37. Re2 Re6 38. Nxb6 Nxb6 39. Bxc5 Rb8 40. Bxd4 Bf3 41.
Ree1 Nd5 42. Rab1 Nb4 43. Rbc1 Rbe8 44. Bc3 Na2 45. Bxa5 Nxc1 46. Rxc1 e4 47. d4
e3 48. fxe3 Rxe3 49. Bb4 Re2+ 50. Kg1 Rg2+ 51. Kf1 Ree2 52. Be1 Rh2 53. Bf2
Rexf2+ 54. Kg1 Rhg2+ 55. Kh1 Rxg3# {White checkmated} 0-1

[Event "Team 45 45 League T50"]
[Site "Internet Chess Club"]
[Date "2011.08.13"]
[Round "1"]
[White "room-matt"]
[Black "Giacometti"]
[Result "1/2-1/2"]
[WhiteElo "1670"]
[BlackElo "1669"]
[Opening "Caro-Kann: classical variation"]
[ECO "B18"]
[Time "09:05:21"]
[TimeControl "2700+45"]

1. e4 c6 2. d4 d5 3. Nc3 dxe4 4. Nxe4 Bf5 5. Ng3 Bg6 6. Nf3 Nd7 7. Bd3 Bxd3 8.
Qxd3 Ngf6 9. c4 e6 10. O-O Bd6 11. Ng5 h6 12. N5e4 Bc7 13. Bd2 O-O 14. Rfe1 Nxe4
15. Nxe4 Ne5 16. Qc3 Ng4 17. h3 Nf6 18. Rad1 Nxe4 19. Rxe4 Qd6 20. Bf4 Qd8 21.
Qf3 Bxf4 22. Rxf4 Qa5 23. a3 Rad8 24. Rg4 c5 25. d5 exd5 26. cxd5 Rfe8 27. Kh2
Qc7+ 28. g3 Qd6 29. Qc3 f6 30. Qd3 Re5 31. Qg6 Rg5 32. Rxg5 fxg5 33. Qxd6 Rxd6
{Game drawn by mutual agreement} 1/2-1/2

[Event "Team 45 45 League T50"]
[Site "Internet Chess Club"]
[Date "2011.08.15"]
[Round "1"]
[White "ben622"]
[Black "Gregorio"]
[Result "1-0"]
[WhiteElo "2003"]
[BlackElo "1928"]
[Opening "Ruy Lopez: fianchetto (Smyslov/Barnes) defense"]
[ECO "C60"]
[Time "20:01:09"]
[TimeControl "2700+45"]

1. e4 e5 2. Nf3 Nc6 3. Bb5 g6 4. c3 Bg7 5. d4 exd4 6. cxd4 d5 7. exd5 Qxd5 8.
Nc3 Qe6+ 9. Be3 Ne7 10. O-O Nd5 11. Re1 O-O 12. Bf4 Nxc3 13. bxc3 Qf5 14. Bxc6
Qxf4 15. Bd5 c6 16. Bb3 Bg4 17. Re7 b6 18. Qd3 Bxf3 19. Qxf3 Qxf3 20. gxf3 Bf6
21. Rc7 c5 22. dxc5 Bxc3 23. Rd1 Be5 24. Rb7 bxc5 25. Rdd7 Kg7 26. Rxa7 Rxa7 27.
Rxa7 Bd4 28. Bc4 Kf6 29. a4 Ke5 30. a5 Kf4 31. Kg2 h5 32. a6 Rb8 33. Rxf7+ Ke5
34. a7 Ra8 35. Rd7 Bb2 36. f4+ {Black resigns} 1-0

[Event "Team 45 45 League T50"]
[Site "Internet Chess Club"]
[Date "2011.08.12"]
[Round "1"]
[White "universe"]
[Black "zbence"]
[Result "1-0"]
[WhiteElo "1993"]
[BlackElo "1826"]
[Opening "Sicilian: accelerated fianchetto, modern variation with Bc4"]
[ECO "B35"]
[Time "12:04:48"]
[TimeControl "2700+45"]

1. e4 c5 2. Nf3 g6 3. d4 cxd4 4. Nxd4 Nc6 5. Nc3 Bg7 6. Be3 Nf6 7. Bc4 O-O 8.
Bb3 a5 9. f3 d6 10. O-O Bd7 11. a4 Ne5 12. Kh1 Rc8 13. Qe2 Bc6 14. f4 Ned7 15.
Nxc6 bxc6 16. Rad1 Qc7 17. Bd4 e5 18. Be3 Rcd8 19. f5 Nc5 20. fxg6 hxg6 21. Bg5
Nxb3 22. cxb3 Nd7 23. Bxd8 Rxd8 24. Qc4 Nc5 25. b4 axb4 26. Qxb4 Rb8 27. Qa3 Rb3
28. Qa2 Rb4 29. a5 Nxe4 30. Nxe4 Rxe4 31. a6 Qa7 32. Rxd6 Re2 33. Rxg6 Qf2 34.
Qa1 Qh4 35. a7 fxg6 36. a8=Q+ Kh7 37. Qxc6 e4 38. Qe6 Qg5 39. Qh3+ Bh6 40. Qa7+
{Black resigns} 1-0

[Event "Team 45 45 League T50"]
[Site "Internet Chess Club"]
[Date "2011.08.14"]
[Round "1"]
[White "kabindra"]
[Black "FlyingTiger"]
[Result "1-0"]
[WhiteElo "1853"]
[BlackElo "1818"]
[Opening "Sicilian: Hungarian variation"]
[ECO "B27"]
[Time "20:00:13"]
[TimeControl "2700+45"]

1. e4 c5 2. Nf3 g6 3. d4 cxd4 4. c3 Bg7 5. e5 Nc6 6. Bf4 Qa5 7. b4 Qd5 8. cxd4
Qe4+ 9. Be3 Nxb4 10. Na3 Bh6 11. Qb3 Bxe3 12. fxe3 Nd5 13. Nc2 Nb6 14. Bd3 Qd5
15. Qc3 Qc6 16. Qd2 d5 17. exd6 Qxd6 18. O-O Nf6 19. e4 Qd8 20. e5 Nfd5 21. Qh6
Kd7 22. Ng5 Qf8 23. Qh3+ Kc7 24. Qg3 Qh6 25. e6+ {Black resigns} 1-0

[Event "Team 45 45 League T50"]
[Site "Internet Chess Club"]
[Date "2011.08.14"]
[Round "1"]
[White "jorobo"]
[Black "CamLeslie"]
[Result "1-0"]
[WhiteElo "1977"]
[BlackElo "1875"]
[Opening "English: symmetrical variation"]
[ECO "A34"]
[Time "14:03:24"]
[TimeControl "2700+45"]

1. c4 c5 2. Nc3 g6 3. Nf3 Bg7 4. e3 Nf6 5. Be2 O-O 6. O-O d5 7. d4 cxd4 8. exd4
dxc4 9. Bxc4 Bg4 10. d5 Nbd7 11. h3 Bxf3 12. Qxf3 Ne5 13. Qe2 Nxc4 14. Qxc4 Qd7
15. Be3 Ne8 16. Rad1 Nd6 17. Qb3 Rfc8 18. Bd4 Rc4 19. Bxg7 Kxg7 20. Rfe1 h5 21.
Re5 Rac8 22. Rde1 Nf5 23. Qa3 a6 24. Rxe7 Nxe7 25. Rxe7 Qf5 26. Rxb7 Rf4 27. f3
Rxf3 28. gxf3 Qxf3 29. Qe7 Qg3+ 30. Kf1 Qf4+ 31. Ke1 Rc4 32. Ne2 Re4 33. Qc5 Qe5
34. Qc2 Qxd5 35. Rb3 Kh7 36. Qd3 Qf5 37. Qxa6 Re6 38. Qd3 Qa5+ 39. Kd1 Qxa2 40.
Kc2 Qa8 41. Nc3 Qg2+ 42. Kb1 Qg1+ 43. Ka2 Re3 44. Qd4 Qf2 45. Ne4 {Black
resigns} 1-0

[Event "Team 45 45 League T50"]
[Site "Internet Chess Club"]
[Date "2011.08.11"]
[Round "1"]
[White "OCN"]
[Black "cesaralexander"]
[Result "1-0"]
[WhiteElo "2037"]
[BlackElo "1892"]
[Opening "French: advance, Paulsen attack"]
[ECO "C02"]
[Time "19:04:31"]
[TimeControl "2700+45"]

1. e4 e6 2. d4 d5 3. e5 c5 4. c3 Nc6 5. Nf3 Qb6 6. a3 cxd4 7. cxd4 Nh6 8. Nc3
Nf5 9. Be3 Be7 10. Na4 Qc7 11. Bd3 Nh4 12. Nxh4 Bxh4 13. Qg4 g5 14. g3 h5 15.
Qd1 Bd7 16. gxh4 gxh4 17. Rg1 O-O-O 18. Nc5 Kb8 19. Rg7 Rdf8 20. Bh7 Be8 21.
Nxe6 Qa5+ 22. b4 Nxb4 23. axb4 Qxb4+ 24. Bd2 Qe7 25. Nxf8 Qxf8 26. Bh6 Qb4+ 27.
Qd2 Qc4 28. Rc1 Qb3 29. Rb1 Qf3 30. Qb4 Bc6 31. Qd6+ Kc8 32. Rb3 Qh1+ 33. Ke2
{Black resigns} 1-0

[Event "Team 45 45 League T50"]
[Site "Internet Chess Club"]
[Date "2011.08.11"]
[Round "1"]
[White "azbycx"]
[Black "Saixua"]
[Result "0-1"]
[WhiteElo "1771"]
[BlackElo "1873"]
[Opening "Queen's pawn"]
[ECO "E06"]
[Time "23:02:04"]
[TimeControl "2700+45"]

1. d4 e6 2. Nf3 Nf6 3. g3 d5 4. Bg2 Be7 5. O-O O-O 6. c4 dxc4 7. Qa4 a6 8. Qxc4
b5 9. Qc2 Bb7 10. Bf4 Nd5 11. Bd2 Nc6 12. a3 Rc8 13. Nc3 Nxc3 14. Bxc3 Bf6 15.
Rfd1 Ne7 16. e4 Ng6 17. Rac1 Be7 18. Ba5 Qe8 19. h4 f5 20. Qb3 Bd8 21. h5 fxe4
22. hxg6 exf3 23. gxh7+ Kxh7 24. Bh3 Bd5 25. Qd3+ Kg8 26. Rc5 c6 27. Bxd8 Rxd8
28. Re1 Rf6 29. Re5 Qg6 30. Qxg6 Rxg6 31. Rh5 Kf7 32. Rc3 Be4 33. Re3 Rxd4 34.
Rh4 Rd1+ 35. Kh2 Bd5 36. Bg4 Rf1 37. Bh5 Rxf2+ 38. Kh3 Re2 39. Rxe2 fxe2 40.
Bxe2 Rf6 41. Bh5+ Ke7 42. a4 e5 43. axb5 axb5 44. b4 g5 {White resigns} 0-1

[Event "Team 45 45 League T50"]
[Site "Internet Chess Club"]
[Date "2011.08.14"]
[Round "1"]
[White "TerryMalloy"]
[Black "xec"]
[Result "0-1"]
[WhiteElo "1977"]
[BlackElo "2209"]
[Opening "King's Indian: Four pawns attack, main line"]
[ECO "E79"]
[Time "17:07:03"]
[TimeControl "2700+45"]

1. d4 Nf6 2. c4 g6 3. Nc3 Bg7 4. e4 d6 5. Be2 O-O 6. f4 c5 7. Nf3 cxd4 8. Nxd4
Nc6 9. Be3 Bd7 10. Nc2 Qa5 11. O-O Be6 12. g4 Rfc8 13. f5 Bd7 14. g5 Ne8 15. Nd5
e6 16. fxe6 Bxe6 17. b4 Qd8 18. Rc1 Ne5 19. Nd4 Bh3 20. Rf2 Nc7 21. Nf6+ Bxf6
22. Rxf6 h6 23. Qe1 Bg4 24. h4 h5 25. Qd2 Bxe2 26. Qxe2 Qd7 27. Bf2 Qh3 28. Qe3
Qxe3 29. Bxe3 Ng4 30. Rf3 Re8 31. Bf4 Rxe4 32. Bxd6 Ne8 33. Nb5 a6 34. Nc7 Nxc7
35. Bxc7 Rc8 36. Bd6 Rcxc4 37. Rxc4 Rxc4 38. a3 Re4 39. Kg2 Ne3+ 40. Kf2 Nf5 41.
Bc5 Rxh4 42. Rd3 Rg4 43. Rd8+ Kg7 44. Bf8+ Kh7 45. Rd7 Rxg5 46. Rxf7+ Kg8 47.
Rf6 h4 48. Bc5 h3 49. Re6 Rg2+ 50. Kf1 Ng3+ 51. Ke1 h2 52. Rxg6+ Kh7 {White
resigns} 0-1

[Event "Team 45 45 League T50"]
[Site "Internet Chess Club"]
[Date "2011.08.14"]
[Round "1"]
[White "livis"]
[Black "McKnights"]
[Result "0-1"]
[WhiteElo "1974"]
[BlackElo "1934"]
[Opening "Scandinavian (center counter) defense"]
[ECO "B01"]
[Time "18:02:31"]
[TimeControl "2700+45"]

1. e4 d5 2. e5 c5 3. f4 Nc6 4. Nf3 Bg4 5. Be2 e6 6. O-O Be7 7. d3 Nh6 8. h3 Bxf3
9. Bxf3 Nf5 10. c3 O-O 11. Bg4 Qb6 12. Bxf5 exf5 13. Qh5 d4 14. Qxf5 c4 15. Kh2
cxd3 16. Qxd3 Rfd8 17. c4 Nb4 18. Qd2 d3 19. Na3 Qd4 20. Nb5 Qxc4 21. Na3 Qd5
22. b3 Rac8 23. Rb1 b5 24. Ra1 Nc2 25. Nxc2 Rxc2 {White resigns} 0-1

[Event "Team 45 45 League T50"]
[Site "Internet Chess Club"]
[Date "2011.08.15"]
[Round "1"]
[White "JustinL"]
[Black "Otelo"]
[Result "0-1"]
[WhiteElo "1778"]
[BlackElo "1819"]
[Opening "Sicilian: Scheveningen (Paulsen), classical variation"]
[ECO "B84"]
[Time "17:00:16"]
[TimeControl "2700+45"]

1. e4 c5 2. Nf3 e6 3. d4 cxd4 4. Nxd4 Nf6 5. Nc3 d6 6. Be2 a6 7. a4 b6 8. O-O
Bb7 9. Bf3 Qc7 10. Re1 Be7 11. Be3 Nbd7 12. Nb3 O-O 13. Bf4 Rac8 14. Qe2 Rfd8
15. Rad1 Ne5 16. Bxe5 dxe5 17. h3 Bb4 18. Rxd8+ Rxd8 19. Rd1 Bxc3 20. Rxd8+ Qxd8
21. bxc3 Kf8 22. Qd3 Ke7 23. Kf1 Qd7 24. a5 b5 25. Ke2 Qc6 26. Ke3 Nd7 27. Be2
Nc5 28. Nxc5 Qxc5+ 29. Kf3 f5 30. Kg3 Bxe4 31. Qd2 f4+ 32. Kh2 Qxf2 {White
resigns} 0-1

[Event "Team 45 45 League T50"]
[Site "Internet Chess Club"]
[Date "2011.08.14"]
[Round "1"]
[White "Meditator"]
[Black "Paulkov"]
[Result "0-1"]
[WhiteElo "2276"]
[BlackElo "2318"]
[Opening "Sicilian: Richter-Rauzer"]
[ECO "B60"]
[Time "14:03:22"]
[TimeControl "2700+45"]

1. e4 c5 2. Nf3 d6 3. d4 cxd4 4. Nxd4 Nf6 5. Nc3 Nc6 6. Bg5 Qb6 7. Nb3 e6 8. g4
a6 9. Be3 Qc7 10. g5 Nd7 11. f4 b5 12. h4 Bb7 13. Bh3 Be7 14. f5 b4 15. Ne2 exf5
16. Bxf5 Nce5 17. Nf4 Rc8 18. Nd5 Bxd5 19. Qxd5 Qxc2 20. O-O Qe2 21. Bxd7+ Kxd7
22. Qb7+ Rc7 23. Nc5+ Ke8 24. Qxc7 Qxe3+ 25. Kg2 Qxc5 26. Qb8+ Bd8 27. Rac1 Qd4
28. Rc8 Qxe4+ {White resigns} 0-1

[Event "Team 45 45 League T50"]
[Site "Internet Chess Club"]
[Date "2011.08.13"]
[Round "1"]
[White "MaartenKoning"]
[Black "Sensei"]
[Result "1/2-1/2"]
[WhiteElo "2244"]
[BlackElo "2330"]
[Opening "Sicilian: Richter-Rauzer, Rauzer attack, 7...Be7"]
[ECO "B63"]
[Time "08:46:37"]
[TimeControl "2700+45"]

1. e4 c5 2. Nf3 d6 3. d4 cxd4 4. Nxd4 Nf6 5. Nc3 Nc6 6. Bg5 e6 7. Qd2 Be7 8.
O-O-O O-O 9. f3 Nxd4 10. Qxd4 a6 11. h4 b5 12. Kb1 Bb7 13. Qd2 Rc8 14. Bd3 Nd7
15. a3 f6 16. Bf4 Ne5 17. h5 Qc7 18. h6 g6 19. Qe1 Rfd8 20. Qg3 Qc5 21. Qh3 Kf7
22. Rhe1 Nxd3 23. Rxd3 b4 24. axb4 Qxb4 25. Bd2 Qc4 26. f4 e5 27. Rf3 d5 28.
fxe5 dxe4 29. Rf2 Qc5 30. Rfe2 Rc6 31. exf6 Bxf6 32. Rf1 Kg8 33. Ref2 Qe5 34.
Qe3 Rcd6 35. Qa7 Qe7 36. Bf4 R6d7 37. Qb6 Bd4 38. Qb3+ Qf7 39. Qxf7+ Rxf7 40.
Rd1 Rfd7 41. Rfd2 Bc6 42. Re2 Bxc3 43. Rxd7 Rxd7 44. bxc3 Kf7 {Game drawn by
mutual agreement} 1/2-1/2

[Event "Team 45 45 League T50"]
[Site "Internet Chess Club"]
[Date "2011.08.14"]
[Round "1"]
[White "saychess"]
[Black "Campagnolo"]
[Result "1-0"]
[WhiteElo "2149"]
[BlackElo "2047"]
[Opening "Caro-Kann: advance variation"]
[ECO "B12"]
[Time "21:01:20"]
[TimeControl "2700+45"]

1. e4 c6 2. d4 d5 3. e5 c5 4. dxc5 Nc6 5. Bb5 e6 6. Be3 Ne7 7. c3 Bd7 8. Bxc6
Nxc6 9. f4 g5 10. fxg5 Nxe5 11. Nf3 Nxf3+ 12. Qxf3 Bg7 13. O-O O-O 14. Nd2 Bb5
15. Rfe1 e5 16. Qg3 Re8 17. c4 Bc6 18. cxd5 Qxd5 19. b3 Rad8 20. Nc4 Bf8 21. Qf2
Be7 22. Re2 Qe6 23. Qg3 Rd5 24. Rae1 e4 25. Nd6 Bxd6 26. cxd6 Qxd6 27. Qxd6 Rxd6
28. Bxa7 Rd3 29. Kf2 Red8 30. Rc2 Rd2+ 31. Rxd2 Rxd2+ 32. Re2 Rxe2+ 33. Kxe2 Kg7
34. Ke3 Kg6 35. Kf4 f6 36. gxf6 Kxf6 37. g4 Ke6 38. h4 Kd5 39. Be3 Be8 40. Kg5
Ke6 41. Kh6 {Black resigns} 1-0

[Event "Team 45 45 League T50"]
[Site "Internet Chess Club"]
[Date "2011.08.16"]
[Round "1"]
[White "AreYouSerious"]
[Black "robertoalvarez"]
[Result "0-1"]
[WhiteElo "1985"]
[BlackElo "1997"]
[Opening "Réti opening"]
[ECO "A04"]
[Time "14:44:31"]
[TimeControl "2700+45"]

1. Nf3 g6 2. c4 d6 3. b3 Bg7 4. d4 c5 5. Bb2 Nc6 6. e3 Nh6 7. Nbd2 O-O 8. Be2
Nf5 9. Ne4 cxd4 10. exd4 d5 11. cxd5 Qxd5 12. Nc3 Qa5 13. O-O Nfxd4 14. Nxd4
Nxd4 15. Bc4 Be6 16. Bxe6 Nxe6 17. Rc1 Rfd8 18. Qf3 Rd7 19. Rfd1 Rad8 20. Rxd7
Rxd7 21. Qe3 Qd8 22. Re1 b6 23. h3 Rd3 24. Qc1 Nc5 25. b4 Ne6 26. Ne4 Bxb2 27.
Qxb2 Qd4 28. Qxd4 Nxd4 29. Ng3 e6 30. Ne2 Nc2 31. Rb1 Kf8 32. Rb2 Rd1+ 33. Kh2
Ne1 34. Nc3 Rd7 35. Re2 Nd3 36. b5 Ke7 37. g4 Nf4 38. Re3 Rd3 39. Rxd3 Nxd3 40.
Kg3 f5 41. Kf3 Kd6 42. Ke3 Nb4 43. a4 Nd5+ 44. Nxd5 Kxd5 45. gxf5 {White
resigns} 0-1

[Event "Team 45 45 League T50"]
[Site "Internet Chess Club"]
[Date "2011.08.12"]
[Round "1"]
[White "larso"]
[Black "NFork"]
[Result "0-1"]
[WhiteElo "2120"]
[BlackElo "2289"]
[Opening "Caro-Kann: advance variation"]
[ECO "B12"]
[Time "11:01:47"]
[TimeControl "2700+45"]

1. e4 c6 2. d4 d5 3. e5 c5 4. dxc5 e6 5. Be3 Qc7 6. Nf3 Bxc5 7. Bxc5 Qxc5 8. Bd3
Nc6 9. c3 Nge7 10. O-O Ng6 11. Re1 Qb6 12. Qd2 Bd7 13. h4 f6 14. exf6 gxf6 15.
Qh6 O-O-O 16. Bxg6 hxg6 17. Qxg6 e5 18. Qxf6 Rdf8 19. Qd6 e4 20. Nbd2 exf3 21.
Nxf3 Bg4 22. Nd4 Nxd4 23. Qxb6 axb6 24. cxd4 Rxh4 25. f3 Bd7 26. Rad1 Kc7 27.
Kf2 Ra8 28. a3 Ra4 29. Ke3 Rc4 30. Rd2 Kd6 31. g4 Rh3 32. Rg1 Rc8 33. Rf2 b5 34.
Kd2 Rc4 35. Ke3 b4 36. axb4 Rh8 37. g5 Re8+ 38. Kd2 Rxd4+ 39. Kc3 Rc4+ 40. Kb3
Ra8 {White resigns} 0-1

[Event "Team 45 45 League T50"]
[Site "Internet Chess Club"]
[Date "2011.08.16"]
[Round "1"]
[White "pentti63"]
[Black "lacibacsi"]
[Result "1/2-1/2"]
[WhiteElo "2275"]
[BlackElo "2059"]
[Opening "Caro-Kann: Bronstein-Larsen variation"]
[ECO "B16"]
[Time "05:17:54"]
[TimeControl "2700+45"]

1. e4 c6 2. d4 d5 3. Nc3 dxe4 4. Nxe4 Nf6 5. Nxf6+ gxf6 6. Bc4 Bf5 7. Nf3 Nd7 8.
c3 e6 9. Nh4 Bg6 10. Qe2 Bd6 11. g3 Qe7 12. Be3 Nb6 13. Nxg6 hxg6 14. Bb3 Nd5
15. Bd2 f5 16. O-O-O Qc7 17. h4 O-O-O 18. h5 gxh5 19. Rxh5 Rxh5 20. Qxh5 Nf6 21.
Qf3 Ne4 22. Be3 Rh8 23. g4 Qa5 24. gxf5 Qxf5 25. Qxf5 exf5 26. f3 f4 27. fxe4
fxe3 28. e5 Be7 29. Bxf7 Rh2 30. Bc4 Bh4 31. Rg1 e2 32. Rg8+ Kc7 33. Rg7+ Kb6
34. Bxe2 Rxe2 35. Rg4 Bf2 36. a3 c5 37. dxc5+ Kxc5 38. Rg7 Kc6 39. Rg6+ Kc7 40.
Rg7+ Kc6 41. Rg6+ Kc5 42. Rg7 Be3+ 43. Kb1 b5 44. Rxa7 Kc4 45. Rb7 Bf4 46. Ka2
Bxe5 47. a4 bxa4 {Game drawn by mutual agreement} 1/2-1/2

[Event "Team 45 45 League T50"]
[Site "Internet Chess Club"]
[Date "2011.08.13"]
[Round "1"]
[White "smartactics"]
[Black "snottgoblin"]
[Result "0-1"]
[WhiteElo "1972"]
[BlackElo "2033"]
[Opening "Queen's pawn: Torre attack"]
[ECO "A46"]
[Time "10:11:43"]
[TimeControl "2700+45"]

1. d4 Nf6 2. Nf3 e6 3. Bg5 Be7 4. e3 d6 5. Bd3 Nbd7 6. Nbd2 b6 7. c3 Bb7 8. Qe2
a5 9. e4 h6 10. Bh4 O-O 11. e5 Ne8 12. Bg3 dxe5 13. Nxe5 c5 14. Ndf3 cxd4 15.
Nxd4 Nc5 16. Bc2 Qd5 17. f3 Ba6 18. Qe3 Bg5 19. f4 Bf6 20. b4 axb4 21. cxb4 Bxe5
22. fxe5 Qc4 23. bxc5 bxc5 24. Qe4 Qc3+ 25. Kf2 Qxd4+ 26. Qxd4 cxd4 27. Rhd1 Rd8
28. Bd3 Nc7 29. Rac1 Rd7 30. Rxc7 Rxc7 31. Bxa6 Rc2+ 32. Kf3 Rxa2 33. Bc4 Ra4
34. Bd3 Rb8 35. Ke4 Rb3 36. Rc1 Rc3 37. Rb1 f5+ 38. exf6 gxf6 39. Rb8+ Kf7 40.
Bb5 f5+ 41. Ke5 Re3+ 42. Kd6 Ra7 43. Be8+ Kf6 44. Bh4+ Kg7 45. Bg3 Ra6+ 46. Kc5
d3 47. Kd4 d2 48. Kxe3 d1=Q 49. Be5+ Kh7 50. Rb7+ Kg8 51. Bf7+ Kf8 52. Bg7+ Kxg7
53. Bh5+ Kf6 54. Bxd1 e5 55. h4 Rd6 56. Bh5 f4+ 57. Kf3 Rd3+ 58. Ke2 Ra3 59.
Rf7+ Ke6 60. Rh7 Kf5 61. Rxh6 Ra2+ 62. Kf1 e4 63. Rd6 Ke5 64. Rd1 f3 65. gxf3 e3
66. Re1 Kf4 67. Re2 Ra6 68. Bg4 Ra1+ 69. Kg2 Rd1 70. Be6 Rd6 71. Bg4 Rd2 72. Kf1
Rd1+ 73. Re1 Rd2 74. h5 Rd6 75. Kg2 Rd2+ 76. Kf1 Rd6 77. Kg2 Rd2+ 78. Kh3 Rd8
79. Ra1 e2 80. Ra4+ Ke3 81. Kh4 Rd4 82. Ra8 e1=Q+ 83. Kg5 Rd5+ {White resigns}
0-1

[Event "Team 45 45 League T50"]
[Site "Internet Chess Club"]
[Date "2011.08.14"]
[Round "1"]
[White "Uwak"]
[Black "Geeloo"]
[Result "1-0"]
[WhiteElo "2442"]
[BlackElo "2026"]
[Opening "Ruy Lopez: Schliemann defense, Berger variation"]
[ECO "C63"]
[Time "11:06:01"]
[TimeControl "2700+45"]

1. e4 e5 2. Nf3 Nc6 3. Bb5 f5 4. Nc3 fxe4 5. Nxe4 Nf6 6. Nxf6+ Qxf6 7. Qe2 Be7
8. Bxc6 dxc6 9. Nxe5 O-O 10. O-O Bd6 11. d4 c5 12. c3 cxd4 13. cxd4 b6 14. f4 a5
15. Qe4 Bf5 16. Qf3 Rae8 17. Be3 Bc8 18. Rac1 Qe6 19. a3 Ba6 20. Rf2 Bb5 21. Qe4
g6 22. Rf3 Kg7 23. h4 Qg4 24. Qd5 Bxe5 25. dxe5 c6 26. Qe4 Rb8 27. a4 Be2 28.
Rf2 c5 29. Bd2 Ba6 30. e6 Bb7 31. Qe5+ Kh6 32. f5+ Kh5 33. f6+ Kxh4 34. Qh2+ Qh3
35. Qxh3# {Black checkmated} 1-0

[Event "Team 45 45 League T50"]
[Site "Internet Chess Club"]
[Date "2011.08.13"]
[Round "1"]
[White "perikitosax"]
[Black "screamingeagle"]
[Result "0-1"]
[WhiteElo "2004"]
[BlackElo "2020"]
[Opening "Dutch defense"]
[ECO "A87"]
[Time "11:03:40"]
[TimeControl "2700+45"]

1. d4 f5 2. g3 Nf6 3. Bg2 g6 4. c4 Bg7 5. Nc3 d6 6. Nf3 O-O 7. O-O e6 8. Re1 d5
9. Bf4 a5 10. Rc1 c6 11. c5 Ne4 12. Na4 Nd7 13. Qb3 Qe7 14. e3 Re8 15. Nb6 a4
16. Qb4 Nxb6 17. Qxb6 g5 18. Be5 g4 19. Nh4 Bxe5 20. dxe5 Qg7 21. f3 gxf3 22.
Nxf3 Qe7 23. Qb4 b5 24. Nd4 Bd7 25. Bxe4 fxe4 26. Ne2 Rf8 27. Rf1 Be8 28. Rxf8+
Qxf8 29. Rf1 Qg7 30. Rf6 Bd7 31. Qe1 Rf8 32. Rxf8+ Qxf8 33. Qf2 Qxc5 34. Qf4 Qe7
35. g4 c5 36. Ng3 Be8 37. h4 Qxh4 38. Kg2 b4 39. Ne2 Qe7 40. Qh6 a3 41. bxa3
bxa3 42. Nf4 Bf7 43. g5 c4 44. Ne2 Bg6 45. Nd4 c3 46. Qh4 Bf5 47. Kg3 Qc7 {White
resigns} 0-1